 Dungeon Crawl Stone Soup version 0.31-a0-986-g5e6e4ef867 (webtiles) character file.

Game seed: 10762296095096567001

58 p00ps00p the Trooper (level 4, 0/40 HPs)
             Began as a Hill Orc Fighter on Nov 9, 2023.
             Slain by a gnoll
             ... wielding a +0 halberd
              (4 damage)
             ... on level 2 of the Dungeon.
             The game lasted 00:01:35 (908 turns).

p00ps00p the Trooper (Hill Orc Fighter)              Turns: 908, Time: 00:01:35

Health: 0/40       AC:  7    Str: 20    XL:     4   Next: 2%
Magic:  4/4        EV:  9    Int:  8    God:
Gold:   41         SH:  5    Dex: 10    Spells: 3/3 levels left

rFire   . . .        a - +0 war axe
rCold   . . .        c - +1 buckler
rNeg    . . .        b - +0 scale mail
rPois   .            (no helmet)
rElec   .            (no cloak)
rCorr   .            (no gloves)
SInv    .            (no boots)
Will    .....        (no amulet) Stlth
                     (no ring)
HPRegen 0.26/turn    (no ring)
MPRegen 0.09/turn

%: no passive effects
@: mighty
A: no striking features
a: no special abilities


You were on level 2 of the Dungeon.
You visited 1 branch of the dungeon, and saw 2 of its levels.

You collected 41 gold pieces.

Inventory:

Hand Weapons
 a - a +0 war axe (weapon)
Armour
 b - a +0 scale mail (worn)
 c - a +1 buckler (worn)
Potions
 e - a potion of degeneration {unknown}
 f - 2 potions of ambrosia {unknown}
 g - a potion of curing {unknown}
 h - a potion of invisibility {unknown}
 i - a potion of brilliance {unknown}


   Skills:
 + Level 4.3 Fighting
 + Level 3.5 Axes
 + Level 3.9 Armour
 + Level 3.8 Shields


You had 3 spell levels left.
You didn't know any spells.
Your spell library contained the following spells:

 Spells                   Type           Power      Damage    Failure   Level
 Olgreb's Toxic Radiance  Pois           0%         N/A       100%        4
 Discord                  Hex            0%         N/A       100%        8
 Ignition                 Fire           0%         3d3       100%        8


Dungeon Overview and Level Annotations

Branches:
Dungeon (2/15)

Altars:


Message History

The bat barely misses you. The gnoll closely misses you.
The bat hits you but does no damage.
You barely miss the bat. The bat hits you but does no damage.
The gnoll hits you from afar with a +0 halberd.
The bat completely misses you. The gnoll hits you but does no damage.
The gnoll barely misses you.
Unknown command.
You hit the bat.
The bat is severely wounded.
You block the bat's attack. The bat misses you. The bat barely misses you.
The gnoll hits you from afar with a +0 spear.
The gnoll hits you from afar with a +0 halberd!
* * * LOW HITPOINT WARNING * * *
The gnoll barely misses you.
You are too injured to fight recklessly!
Unknown command.
You are too injured to fight recklessly!
Unknown command.
You are too injured to fight recklessly!
Unknown command.
You are too injured to fight recklessly!
You feel very mighty all of a sudden. The bat hits you but does no damage.
You block the gnoll's attack. The gnoll hits you but does no damage.
The gnoll hits you from afar with a +0 halberd.
* * * LOW HITPOINT WARNING * * *
The bat barely misses you. The gnoll closely misses you.
The gnoll barely misses you. The gnoll hits you but does no damage.
You see here a +0 club.
You hit the gnoll.
The gnoll is heavily wounded.
You closely miss the bat. You slash the gnoll! You block the bat's attack.
The gnoll hits you with a +0 spear.
* * * LOW HITPOINT WARNING * * *
The gnoll barely misses you.
The gnoll hits you from afar with a +0 halberd.
* * * LOW HITPOINT WARNING * * *
The gnoll barely misses you.
The gnoll hits you from afar with a +0 halberd.
You die...

******,*** *,,,,,,,,,,,,,,,,,,,,,
,,,,**,,,***,,##.#.....,,,,,,**,,
***,****,,**,,,.......*,,,,,,,,,,
***,***,,..,,^,......,**,,,,,,,,,
,,,,,,,,,,..,,,.....,,,,,,,,,,,,,
**,,***,**,.##*#.#'##*#*********#
*,,* *,***,..##r...#8##*8***⌠###
**,,***,****#..#ggg.....,,,,,....
,,,,,,,,,* #..#@.......,,,......
**,****..####..#.#b.#.##.........
,,,,,,,..........................
**,****,.#####.##..............#.
**,* *,,* #.##...#####..#.....
**,***#..#####.##................
,,,,,,.........##...##..#..#.##.#
******########.##................
,,*****#######..........#........


You could see 3 gnolls, a quokka and a bat.

Vanquished Creatures
  2 gnolls
  A bat (D:1)
  6 endoplasms
  2 goblins (D:1)
  4 hobgoblins (D:1)
  4 jackals (D:2)
  A quokka (D:1)
  5 ball pythons (D:1)
  3 frilled lizards
  4 kobolds (D:1)
  4 rats (D:1)
36 creatures vanquished.

Notes
Turn   | Place    | Note
-------+----------+-------------------------------------------
     0 | D:1      | p00ps00p the Hill Orc Fighter began the quest for the Orb.
     0 | D:1      | Reached XP level 1. HP: 19/19 MP: 1/1
    70 | D:1      | Reached XP level 2. HP: 20/27 MP: 2/2
   148 | D:1      | Reached skill level 4 in Fighting
   148 | D:1      | Reached XP level 3. HP: 16/33 MP: 3/3
   903 | D:2      | Reached XP level 4. HP: 29/40 MP: 4/4
   908 | D:2      | Slain by a gnoll

Illustrated notes

Levels and vault maps discovered:
D:1:      ldierk_walled_garden_2, layout_rooms
D:2:      layout_basic, serial_corexii_hall, chequers_hall_statues_wall_a,
          chequers_hall_statues_wall_a

Skill      XL: |  1  2 |
---------------+-------+-----
Axes           | 3 |  3.5
Fighting       | 4 |  4.3
Armour         | |  3.9
Shields        | |  3.8

Action                     |  1- 3 |  4- 6 || total
---------------------------+-------+-------++-------
  Melee: War axe           |    82 |     4 ||    86
    Use: Scroll            |     2 |       ||     2
         Potion            |       |     1 ||     1
 Armour: Scale mail        |    81 |    14 ||    95
  Dodge: Dodged            |    51 |    12 ||    63
  Block: Buckler           |    20 |     3 ||    23

Table legend: (Time is in decaauts)
 A = Elapsed time spent in this place.
 B = Non-inter-level travel time spent in this place.
 C = Inter-level travel time spent in this place.
 D = Time resting spent in this place.
 E = Time spent auto-exploring this place.
 F = Levels seen in this place.
 G = Mean time per level.
                   A        B        C        D        E       F      G
               +--------+--------+--------+--------+--------+-----+--------+
         Total |    939 |    924 |     15 |    263 |    423 |   2 |  469.5 |
       Dungeon |    939 |    924 |     15 |    263 |    423 |   2 |  469.5 |
               +--------+--------+--------+--------+--------+-----+--------+

Top non-repeatable levels by time:
     D:1: 572 daAuts
     D:2: 367 daAuts
